 Dungeon Crawl Stone Soup version 0.29.0-13-gc9e81de378 (webtiles) character file.

Game seed: 3949725329781554199

119 QueenGhuleh the Chopper (level 4, -6/41 HPs)
             Began as a Minotaur Berserker on Sept 9, 2022.
             Was a Believer of Trog.
             Killed by nerve-wracking pain
             ... invoked by Grinder
              (11 damage)
             ... on level 3 of the Dungeon.
             The game lasted 00:03:53 (2843 turns).

QueenGhuleh the Chopper (Minotaur Berserker)        Turns: 2843, Time: 00:03:54

Health: -6/41      AC:  9    Str: 24    XL:     4   Next: 74%
Magic:  3/3        EV:  8    Int:  4    God:    Trog [**....]
Gold:   165        SH:  0    Dex:  9    Spells: 3/3 levels left

rFire   . . .      SeeInvis .   a - +0 hand axe
rCold   . . .      Faith    .   (no shield)
rNeg    . . .      Spirit   .   j - +0 chain mail
rPois   .          Reflect  .   (helmet restricted)
rElec   .          Harm     .   (no cloak)
rCorr   .          Rampage  .   (no gloves)
Will    .....                   (no boots)
Stlth   ..........              (no amulet)
HPRegen 0.13/turn               (no ring)
MPRegen 0.08/turn               (no ring)

@: no status effects
A: horns 2, retaliatory headbutt
a: Renounce Religion, Berserk, Trog's Hand


You were on level 3 of the Dungeon.
You worshipped Trog.
Trog was pleased with you.
You visited 1 branch of the dungeon, and saw 3 of its levels.

You collected 165 gold pieces.

Inventory:

Hand Weapons
 a - a +0 hand axe (weapon)
Armour
 j - a +0 chain mail (worn)
Scrolls
 b - 4 scrolls of identify {unknown}
 d - a scroll of poison {unknown}
 i - a scroll of torment {unknown}
 l - a scroll of teleportation {unknown}
 m - a scroll of summoning {unknown}
Potions
 c - 3 potions of magic {unknown}
 e - 2 potions of heal wounds {unknown}
 f - 2 potions of lignification {unknown}
 g - 2 potions of attraction {unknown}
 h - a potion of brilliance {unknown}
 k - a potion of flight {unknown}
 n - a potion of curing {unknown}


   Skills:
 + Level 4.6 Fighting
 + Level 5.3 Axes
 + Level 3.2 Armour
 + Level 2.8 Dodging


You had 3 spell levels left.
You didn't know any spells.
Your spell library was empty.

Dungeon Overview and Level Annotations

Branches:
Dungeon (3/15)

Altars:

Annotations:
D:3 Grinder


Innate Abilities, Weirdness & Mutations

You have a pair of horns on your head.
You reflexively headbutt those who attack you in melee.


Message History

You kill the hobgoblin!
Trog accepts your kill.
You hit Grinder but do no damage. You headbutt Grinder!
Grinder is moderately wounded.
Grinder hits you.
You writhe in agony.
You barely miss Grinder.
Grinder is moderately wounded.
Grinder gestures at you.
You suddenly lose the ability to move!
Grinder hits you!
You writhe in agony.
Grinder hits you!
You writhe in agony.
* * * LOW HITPOINT WARNING * * *
Grinder blinks!
You can move again.
You are too injured to fight recklessly!
Grinder is nearby!
You hit Grinder.
Grinder is moderately wounded.
Grinder blinks!
Grinder gestures at you. Pain shoots through your body!
* * * LOW HITPOINT WARNING * * *
You closely miss Grinder. You headbutt Grinder.
Grinder is moderately wounded.
Grinder gestures at you.
You suddenly lose the ability to move!
Grinder says, "I used to sell toenails on the black market."
Grinder hits you.
* * * LOW HITPOINT WARNING * * *
You writhe in agony.
* * * LOW HITPOINT WARNING * * *
You can move again.
You hit Grinder. You headbutt Grinder!
Grinder is severely wounded.
Grinder hits you but does no damage.
You hit Grinder.
Grinder is severely wounded.
Grinder gestures at you. Pain shoots through your body!
You die...

.....#..........#....#
................#....#
................#....+
........#...#........#
........#...+........#
........#...#..........#
........#.###......(....
..................#....#
..#..#.##@##......#.....
..........5#......# ....
..#..............## ....
......#..........##..
... ...#..............#
.... ..#....$.#....###.#
#... #.######...... .<
+... .. .....#.#.. #...
........# ... #...


You could see Grinder.

Vanquished Creatures
  6 adders
  4 worms
  2 dart slugs (D:1)
  4 ball pythons
  5 endoplasms (D:1)
  4 goblins
  6 hobgoblins
  4 kobolds
  2 quokkas
  4 bats
  3 frilled lizards
  5 rats
49 creatures vanquished.

Notes
Turn   | Place    | Note
-------+----------+-------------------------------------------
     0 | D:1      | QueenGhuleh the Minotaur Berserker began the quest for the
                  | Orb.
     0 | D:1      | Reached XP level 1. HP: 19/19 MP: 0/0
   196 | D:1      | Reached XP level 2. HP: 22/27 MP: 1/1
   253 | D:1      | Reached skill level 4 in Axes
  1162 | D:2      | Reached XP level 3. HP: 33/33 MP: 2/2
  2044 | D:2      | Reached ** piety under Trog
  2045 | D:2      | Reached XP level 4. HP: 30/41 MP: 3/3
  2664 | D:3      | Reached skill level 5 in Axes
  2818 | D:3      | Noticed Grinder
  2824 | D:3      | Paralysed by Grinder for 4 turns
  2840 | D:3      | Paralysed by Grinder for 2 turns
  2843 | D:3      | Killed from afar by Grinder

Illustrated notes

Levels and vault maps discovered:
D:1:      matt_arrival_spirals, layout_rooms,
          nicolae_concentric_dashed_squares_mild
D:2:      kennysheep_big_flooded_room, layout_basic, serial_bayou_pond_d
D:3:      minmay_inner_zag, layout_basic, minmay_between, uniq_grinder,
          uniq_robin

Skill      XL: |  1  2  3  4 |
---------------+-------------+-----
Fighting       | 4 |  4.6
Axes           | 4 5 |  5.3
Armour         | 3 |  3.2
Dodging        | |  2.8

Action                   |  1- 3 |  4- 6 || total
-------------------------+-------+-------++-------
Melee: Hand axe          |    86 |    56 ||   142
       Headbutt          |     8 |    13 ||    21
Invok: Berserk           |     1 |       ||     1
Armor: Animal skin       |     4 |       ||     4
       Chain mail        |    41 |    21 ||    62
Dodge: Dodged            |    45 |    18 ||    63
